 Dungeon Crawl Stone Soup version 0.31.0-9-g3a7656b989 (webtiles) character file.

Game seed: 9772570592466410402

23 qw the Shooter (level 2, -2/16 HPs)
             Began as a Deep Elf Hunter on Feb 2, 2024.
             Slain by a ribbon worm (7 damage)
             ... on level 1 of the Dungeon.
             The game lasted 00:00:02 (944 turns).

qw the Shooter (Deep Elf Hunter)                     Turns: 944, Time: 00:00:03

Health: -2/16      AC:  8    Str:  8    XL:     2   Next: 72%
Magic:  4/4        EV: 10    Int: 13    God:
Gold:   9          SH:  0    Dex: 18    Spells: 1/1 levels left

rFire   . . .        a - +0 shortbow
rCold   . . .        (shield currently unavailable)
rNeg    . . .        f - +0 ring mail
rPois   .            g - +0 helmet
rElec   .            i - +0 cloak
rCorr   .            h - +0 pair of gloves
SInv    .            (no boots)
Will    .....        (no amulet)
Stlth   +            (no ring)
HPRegen 0.22/turn    (no ring)
MPRegen 0.09/turn

%: no passive effects
@: no status effects
A: no striking features
a: no special abilities


You were on level 1 of the Dungeon.
You visited 1 branch of the dungeon, and saw 2 of its levels.

You collected 9 gold pieces.


   Skills:
 - Level 1.5 Fighting
 + Level 6.4 Ranged Weapons
 - Level 2.4 Dodging
 - Level 1.2 Stealth


You had one spell level left.
You didn't know any spells.
Your spell library was empty.

Inventory:

Hand Weapons
 a - a +0 shortbow (weapon)
Armour
 f - a +0 ring mail (worn)
 g - a +0 helmet (worn)
 h - a +0 pair of gloves (worn)
 i - a +0 cloak (worn)
Potions
 d - a potion of lignification {unknown}

Dungeon Overview and Level Annotations

Branches:
Dungeon (2/15)

Altars:


Message History

The ribbon worm bites you but does no damage.
The ribbon worm barely misses you.
You shoot an arrow. The arrow hits the ribbon worm.
The ribbon worm is moderately wounded.
The ribbon worm expels a string of sticky webbing.
The stream of webbing hits you but does no damage.
You are caught in a web!
You shoot an arrow. The arrow hits the ribbon worm.
The ribbon worm is moderately wounded.
The ribbon worm bites you.
You shoot an arrow. The arrow hits the ribbon worm.
The ribbon worm is heavily wounded.
The ribbon worm bites you.
You shoot an arrow. The arrow hits the ribbon worm.
The ribbon worm is severely wounded.
The ribbon worm bites you but does no damage.
You shoot an arrow.
The arrow barely misses the ribbon worm.
The ribbon worm bites you but does no damage.
You shoot an arrow. The arrow hits the ribbon worm.
The ribbon worm is severely wounded.
The ribbon worm bites you but does no damage. x2
You shoot an arrow. The arrow hits the ribbon worm.
The ribbon worm is severely wounded.
The ribbon worm bites you.
You shoot an arrow.
The arrow barely misses the ribbon worm.
The ribbon worm expels a string of sticky webbing.
The stream of webbing hits you but does no damage.
You are caught in a web!
You shoot an arrow.
The arrow barely misses the ribbon worm.
The ribbon worm barely misses you.
You shoot an arrow. The arrow hits the ribbon worm!
The ribbon worm is almost dead.
The ribbon worm bites you.
You shoot an arrow.
The arrow barely misses the ribbon worm.
The ribbon worm bites you!
You die...

....##### #)#######.#..##.......
###.....####.# #.#.##########
#####......# #.#.# ######.###
#...# #...## ##.############
###.#?.###..##..........
#...........##.#########
#.#...)w.........#
#.#####@##..##.#.# #.#
#.##..##.#.# #.#####.##..##.#.#
#.#.....#...##.#.#
#.##.##.##.###.#.#######
#.#..##..........%......
##########.#..##.######.#.#######
..............##.# #.#.......#
##########....##.# #.#######.#


You could see a ribbon worm.

Vanquished Creatures
  2 dart slugs (D:1)
  2 ball pythons (D:1)
  2 endoplasms (D:1)
  A giant cockroach (D:1)
  2 goblins (D:1)
  2 hobgoblins (D:1)
  A kobold (D:1)
  A quokka (D:1)
  2 bats (D:1)
  A frilled lizard (D:1)
  A rat (D:1)
17 creatures vanquished.

Notes
Turn   | Place    | Note
-------+----------+-------------------------------------------
     0 | D:1      | qw the Deep Elf Hunter began the quest for the Orb.
     0 | D:1      | Reached XP level 1. HP: 12/12 MP: 3/3
     0 | D:1      | 0 ||| qw: Version: 0.3-a-155-g5e7d8dd
     0 | D:1      | 0 ||| qw: Game counter: 1399
     0 | D:1      | 0 ||| qw: Melee chars always use a shield: true
     0 | D:1      | 0 ||| qw: God list: Okawaru
     0 | D:1      | 0 ||| qw: Allow faded altars: false
     0 | D:1      | 0 ||| qw: Do Orc after clearing Dungeon:15 true
     0 | D:1      | 0 ||| qw: Do second Lair branch before Depths: true
     0 | D:1      | 0 ||| qw: Lair rune preference: random
     0 | D:1      | 0 ||| qw: Goals: Normal
     0 | D:1      | 0 ||| PLANNING D:1-11
   187 | D:1      | Reached skill level 6 in Ranged Weapons
   187 | D:1      | Reached XP level 2. HP: 16/16 MP: 4/4
   478 | D:1      | Found a faded altar of an unknown god.
   784 | D:1      | 784 ||| UPGRADING to +0 ring mail.
   794 | D:1      | 794 ||| DROPPING +0 leather armour.
   795 | D:1      | 795 ||| UPGRADING to +0 helmet.
   800 | D:1      | 800 ||| UPGRADING to +0 pair of gloves.
   805 | D:1      | 805 ||| UPGRADING to +0 cloak.
   810 | D:1      | 810 ||| READING scroll labelled NETHUG IT MUORAM.
   814 | D:1      | 814 ||| READING 3 scrolls labelled RISCHEL USMI.
   915 | D:1      | 915 ||| READING scroll labelled QEQOGUURIC.
   916 | D:1      | 916 ||| DROPPING scroll of butterflies.
   917 | D:1      | 917 ||| DROPPING 2 scrolls of vulnerability.
   923 | D:2      | 923 ||| STAIRDANCE
   944 | D:1      | Slain by a ribbon worm

Levels and vault maps discovered:
D:1:      dpeg_arrival_round_b, layout_basic, shapermc_ecumenical_altar_pompeii
D:2:      kennysheep_the_goblin_king, layout_loops_cross, basic_altar

Skill      XL: |  1 |
---------------+----+-----
Ranged Weapons | 6 |  6.4
Fighting       | |  1.5
Dodging        | |  2.4
Stealth        | |  1.2

Action                     || total
---------------------------++-------
   Fire: Shortbow          ||    59
    Use: Scroll            ||     3
 Armour: Leather armour    ||     6
         Ring mail         ||    14
  Dodge: Dodged            ||    13

Table legend:
 A = Non-vault XP
 B = Vault XP
 C = Vault XP percentage of total XP
 D = Non-vault monster count
 E = Vault monster count
 F = Vault count percentage of total count
                 A         B        C        D         E       F
            +---------+---------+-------+---------+---------+-------
      Total |      33 |       0 |   0.0 |      17 |       0 |   0.0
            +---------+---------+-------+---------+---------+-------
        D:1 |      33 |       0 |   0.0 |      17 |       0 |   0.0
            +---------+---------+-------+---------+---------+-------
